 Dungeon Crawl Stone Soup version 0.32-a0-841-g4648e6c457 (webtiles) character file.

Game seed: 12764696680478433431

1341 oldriver the Fighter (level 8, -1/92 HPs)
             Began as an Oni Shapeshifter on Mar 27, 2024.
             Slain by a hornet (2 damage)
             ... on level 7 of the Dungeon.
             The game lasted 00:06:26 (5921 turns).

oldriver the Fighter (Oni Shapeshifter)             Turns: 5921, Time: 00:06:26

Health: -1/92      AC:  4    Str: 21    XL:     8   Next: 62%
Magic:  8/8        EV: 13    Int: 11    God:
Gold:   314        SH:  0    Dex:  8    Spells: 7/7 levels left

rFire   . .          .
                       - Unarmed
rCold   . . .        (no shield)
rNeg    . . .        a - +1 animal skin
rPois   .            (helmet currently unavailable)
rElec   .            (cloak currently unavailable)
rCorr   +            (gloves unavailable)
SInv    .            (boots unavailable)
Will    .....        (no amulet)
Stlth   +            h - ring of resist corrosion
HPRegen 0.35/turn    i - +5 ring of evasion
MPRegen 0.11/turn

%: no passive effects
@: lethally poisoned (-1 -> -4), beast-form, slowed, very slow
A: beast (slay +3), large, unfitting armour, horns 1, tough skin 1, double
potion healing, drunken brawling
a: Begin Untransformation


You were on level 7 of the Dungeon.
You were a hulking beast.
You visited 1 branch of the dungeon, and saw 7 of its levels.
You also visited: Ossuary.

You collected 442 gold pieces.
You spent 128 gold pieces at shops.

Inventory:

Armour
 a - a +1 animal skin (worn)
Jewellery
 e - a ring of magical power
 h - a ring of resist corrosion (left hand)
 i - a +5 ring of evasion (right hand)
 n - a ring of ice
Talismans
 c - a beast talisman (active)
 d - a flux talisman
Scrolls
 f - a scroll of revelation
 j - a scroll of identify
 l - a scroll of teleportation
 u - 3 scrolls of fog
 v - a scroll of blinking {unknown}
Potions
 b - 2 potions of lignification
 g - a potion of enlightenment
 k - 4 potions of curing
 m - 5 potions of might
 o - a potion of mutation {unknown}
 p - a potion of berserk rage
 q - 3 potions of attraction
 r - a potion of haste
 s - 3 potions of brilliance {unknown}
 t - a potion of resistance {unknown}


   Skills:
 * Level 9.5 Fighting
 - Level 1.7 Dodging
 + Level 5.4 Unarmed Combat
 + Level 5.5 Shapeshifting


You had 7 spell levels left.
You didn't know any spells.
Your spell library contained the following spells:

 Spells                   Type           Power      Damage    Failure   Level
 Magic Dart               Conj           0%         1d3       34%         1
 Searing Ray              Conj           0%         2d4       47%         2
 Stone Arrow              Conj/Erth      0%         3d7       71%         3
 Animate Armour           Summ/Erth      0%         N/A       98%         4
 Fulminant Prism          Conj/Alch      0%         3d5       98%         4
 Lehudib's Crystal Spear  Conj/Erth      0%         10d2      100%        8


Dungeon Overview and Level Annotations

Branches:
Dungeon (7/15)             Temple (0/1) D:7         Ossuary (visited)

Altars:
Cheibriados
Qazlal

Shops:
D:3 !   D:5 [**

Annotations:
D:4 1 runed translucent door, sychorax's ghost, amateur OpEE


Innate Abilities, Weirdness & Mutations

You are a hulking beast.
Your limbs bulge with bestial killing power. (Slay +3)
You are too large for most types of armour.
You have a pair of small horns on your head.
You have tough skin. (AC +1)
You gain doubled healing and magic from potions.
Whenever you drink a healing potion, you attack all around you.


Message History

A hornet comes into view.
The hornet buzzes angrily.
Okay, then.
Okay, then.
The hornet stings you but does no damage.
You barely miss the hornet. You headbutt the hornet.
The hornet is lightly wounded.
The hornet closely misses you.
You hit the hornet. You headbutt the hornet.
The hornet is lightly wounded.
The hornet misses you. The hornet stings you.
You suddenly lose the ability to move!
The hornet stings you but does no damage.
You can move again.
You punch the hornet!
The hornet is moderately wounded.
The hornet misses you.
You hit the hornet.
The hornet is moderately wounded.
The hornet closely misses you. The hornet stings you.
You are poisoned.
You feel yourself slow down.
Unknown command.
You closely miss the hornet.
The hornet is moderately wounded.
You feel very sick. The hornet stings you!
* * * LOW HITPOINT WARNING * * *
You feel as though you will be slow longer.
The hornet stings you but does no damage.
You punch the hornet! Your headbutt misses the hornet.
The hornet is heavily wounded.
You feel sick. The hornet misses you. The hornet stings you!
* * * LOW HITPOINT WARNING * * *
You feel as though you will be slow longer.
You hit the hornet. Your headbutt misses the hornet.
The hornet is severely wounded.
* * * LOW HITPOINT WARNING * * *
You feel sick. The hornet stings you.
You die...

#...#.#####......#
.#.#..#..........#
.>.. #..........#
#..#..........#
#....#.......#
.......#.#.........
.#######.>.........
##.#........
#h#....### #y# .(#
... ## .....
....... ........#
####...... #...###.


You could see a hornet.

Vanquished Creatures
  An ice beast (D:6)
  A sky beast (D:7)
  An ogre (D:5)
  3 phantoms (D:5)
  2 bullfrogs (D:6)
  A howler monkey (D:5)
  4 hounds
  Jessica (D:3)
  Terence (D:2)
  5 iguanas
  3 orc wizards
  8 mummies (Ossuary)
  8 adders
  A shadow imp (D:5)
  A white imp (D:5)
  4 dart slugs
  4 ribbon worms
  11 orcs
  4 bats
  7 endoplasms
  4 giant cockroaches
  2 gnoll zombies (Ossuary)
  7 goblins
  5 hobgoblins
  17 jackals
  5 kobolds
  4 quokkas
  5 ball pythons
  5 frilled lizards
  2 hobgoblin zombies (Ossuary)
  3 kobold zombies (Ossuary)
  An orc zombie (Ossuary)
  A quokka zombie (D:5)
  4 rats
  A rat zombie (D:5)
137 creatures vanquished.

Vanquished Creatures (others)
  An orc wizard (D:6)
1 creature vanquished.

Grand Total: 138 creatures vanquished

Notes
Turn   | Place    | Note
-------+----------+-------------------------------------------
     0 | D:1      | oldriver the Oni Shapeshifter began the quest for the Orb.
     0 | D:1      | Reached XP level 1. HP: 19/19 MP: 1/1
   253 | D:1      | Reached skill level 2 in Fighting
   261 | D:1      | Reached XP level 2. HP: 5/28 MP: 2/2
   479 | D:1      | Found a faded altar of an unknown god.
   635 | D:1      | Reached XP level 3. HP: 36/36 MP: 3/3
  1093 | D:2      | Reached skill level 3 in Fighting
  1364 | D:2      | Noticed Terence
  1381 | D:2      | Killed Terence
  1382 | D:2      | Reached XP level 4. HP: 10/48 MP: 4/4
  1754 | D:2      | Reached skill level 4 in Fighting
  2289 | D:2      | Found a snail-covered altar of Cheibriados.
  2414 | D:3      | Reached XP level 5. HP: 55/55 MP: 5/5
  2579 | D:3      | Found Nymixuh's Distillery.
  2584 | D:3      | Bought 2 potions of curing for 60 gold pieces
  2609 | D:3      | Identified the +2 dagger of Awkwardness {holy, rC- Int+6}
  2832 | D:3      | Noticed Jessica
  2836 | D:3      | Killed Jessica
  2914 | D:3      | Reached skill level 5 in Fighting
  3221 | D:4      | Found a stormy altar of Qazlal.
  3381 | D:4      | Reached XP level 6. HP: 51/66 MP: 6/6
  3433 | D:4      | Found a runed translucent door.
  3433 | D:4      | Noticed sychorax's ghost (amateur OpEE)
  4194 | D:5      | Entered Level 5 of the Dungeon
  4245 | D:5      | Found Ackeg's General Store.
  4249 | D:5      | Bought a scroll of teleportation for 42 gold pieces
  4278 | D:5      | Reached skill level 6 in Fighting
  4294 | D:5      | HP: 3/67 [something (2)]
  4314 | D:5      | Found Pozur's Armour Boutique.
  4388 | D:5      | Reached XP level 7. HP: 62/76 MP: 7/7
  4480 | D:5      | Reached skill level 7 in Fighting
  4542 | D:5      | Found a sand-covered staircase.
  4549 | Ossuary  | Entered an ossuary
  5066 | D:5      | Reached skill level 8 in Fighting
  5149 | D:5      | Reached XP level 8. HP: 71/88 MP: 8/8
  5205 | D:5      | Reached skill level 5 in Shapeshifting
  5365 | D:5      | Reached skill level 5 in Unarmed Combat
  5431 | D:5      | Found Huludaum's Assorted Antiques.
  5434 | D:5      | Bought a scroll labelled AGGILU IJESAS for 26 gold pieces
  5711 | D:6      | Reached skill level 9 in Fighting
  5891 | D:7      | Found a staircase to the Ecumenical Temple.
  5912 | D:7      | Noticed a hornet
  5915 | D:7      | Paralysed by a hornet for 1 turns
  5920 | D:7      | HP: 3/92 [hornet (14)]
  5921 | D:7      | HP: 1/92 [poisoned by a hornet]
  5921 | D:7      | Slain by a hornet

Illustrated notes

Levels and vault maps discovered:
D:1:      ncdulo_wetmaze, layout_basic,
          dreamdust_ecumenical_altar_angels_and_demons
D:2:      layout_basic, basic_altar, uniq_terence
D:3:      layout_loops_cross, serial_shops, shop, uniq_jessica
D:4:      layout_loops_ring, nicolae_qazlal_general_emergency,
          gammafunk_ghost_grave
D:5:      layout_loops_ring, serial_shops, nicolae_shop_window_shopping,
          nicolae_shop_just_a_little_nook, kennysheep_mini_moat,
          enter_ossuary_4, grunt_ministairs_4, minivault_27
D:6:      layout_gridville, doesnt_shop_hydraphobe
D:7:      layout_basic, minmay_temple_entry_crystal_x, enter_bailey_2,
          uniq_maurice

Skill      XL: |  1  2  3  4  5  6  7  8 |
---------------+-------------------------+-----
Fighting       | 2 3 4 5 6 8 9 |  9.5
Unarmed Combat | 3 4 5 |  5.4
Shapeshifting  | 4 5 |  5.5
Dodging        | |  1.7

Action                     |  1- 3 |  4- 6 |  7- 9 || total
---------------------------+-------+-------+-------++-------
  Melee: Unarmed           |    81 |   205 |   175 ||   461
         Headbutt          |     8 |    39 |    34 ||    81
         Punch             |     1 |     4 |     5 ||    10
    Use: Scroll            |       |    11 |     5 ||    16
         Potion            |       |     1 |       ||     1
 Armour: Animal skin       |    46 |   100 |    92 ||   238
  Dodge: Dodged            |    25 |   129 |   112 ||   266

Table legend: (Time is in decaauts)
 A = Elapsed time spent in this place.
 B = Non-inter-level travel time spent in this place.
 C = Inter-level travel time spent in this place.
 D = Time resting spent in this place.
 E = Time spent auto-exploring this place.
 F = Levels seen in this place.
 G = Mean time per level.
                   A        B        C        D        E       F      G
               +--------+--------+--------+--------+--------+-----+--------+
         Total |   5885 |   5618 |    267 |    659 |   3773 |   8 |  735.6 |
       Dungeon |   5510 |   5243 |    267 |    548 |   3641 |   7 |  787.1 |
       Ossuary |    374 |    374 |      0 |    111 |    132 |   1 |  374.0 |
               +--------+--------+--------+--------+--------+-----+--------+

Top non-repeatable levels by time:
     D:2: 1297 daAuts
     D:1: 1026 daAuts
     D:5: 996 daAuts
     D:4: 971 daAuts
     D:3: 881 daAuts
 Ossuary: 374 daAuts
     D:6: 294 daAuts
     D:7: 42 daAuts
